 Dungeon Crawl Stone Soup version 0.30.0-15-g856e2d3f33 (webtiles) character file.

Game seed: 9050096151368171967

111 Valagong the Trooper (level 4, -4/41 HPs)
             Began as a Hill Orc Artificer on May 20, 2023.
             Slain by a gnoll
             ... wielding a +0 halberd
              (10 damage)
             ... on level 3 of the Dungeon.
             The game lasted 00:02:51 (2896 turns).

Valagong the Trooper (Hill Orc Artificer)           Turns: 2896, Time: 00:02:52

Health: -4/41      AC:  5    Str: 16    XL:     4   Next: 92%
Magic:  4/4        EV: 11    Int: 11    God:
Gold:   238        SH:  0    Dex: 11    Spells: 3/3 levels left

rFire   . . .        a - +0 club (spect)
rCold   . . .        (no shield)
rNeg    . . .        b - +0 leather armour
rPois   .            (no helmet)
rElec   .            m - +1 cloak
rCorr   .            (no gloves)
SInv    .            (no boots)
Will    .....        l - amulet of the acrobat
Stlth   +            (no ring)
HPRegen 0.26/turn    (no ring)
MPRegen 0.09/turn

%: acrobat
@: no status effects
A: no striking features
a: no special abilities


You were on level 3 of the Dungeon.
You visited 1 branch of the dungeon, and saw 3 of its levels.

You collected 238 gold pieces.

Inventory:

Hand Weapons
 a - a +0 spectral club (weapon)
Missiles
 d - 2 throwing nets
 p - 6 poisoned darts
Armour
 b - a +0 leather armour (worn)
 g - a +2 kite shield
 m - a +1 cloak (worn)
Jewellery
 l - an amulet of the acrobat (around neck)
Wands
 c - a wand of flame (12) (quivered)
 e - a wand of iceblast (5)
 q - a wand of charming (15)
Scrolls
 f - a scroll of identify
 j - a scroll of amnesia
 n - a scroll of noise
 o - a scroll of fear
Potions
 h - a potion of haste
 i - 2 potions of mutation
 k - a potion of lignification


   Skills:
 * Level 4.8 Fighting
 + Level 2.3 Axes
 - Level 2.2 Armour
 - Level 0.8 Dodging
 - Level 0.8 Stealth
 - Level 3.0 Evocations


You had 3 spell levels left.
You didn't know any spells.
Your spell library contained the following spells:

 Spells                   Type           Power      Damage    Failure   Level
 Ensorcelled Hibernation  Hex/Ice        0%         N/A       54%         2
 Summon Guardian Golem    Hex/Summ       0%         N/A       78%         3
 Alistair's Intoxication  Tmut/Pois      0%         N/A       100%        5


Dungeon Overview and Level Annotations

Branches:
Dungeon (3/15)

Altars:


Message History

A gnoll is nearby!
A gnoll is nearby!
The gnoll misses you.
A gnoll comes into view. It is wielding a +0 spear.
A gnoll comes into view. It is wielding a +0 flail.
The gnoll shouts! x2
The gnoll completely misses you. The gnoll closely misses you.
You barely miss the gnoll.
Your +0 spectral club barely misses the gnoll.
The gnoll misses you.
The gnoll hits you from afar with a +0 spear.
You closely miss the gnoll.
Your +0 spectral club closely misses the gnoll.
The gnoll hits you with a +0 halberd. The gnoll barely misses you.
You hit the gnoll.
The gnoll is moderately wounded.
Your +0 spectral club hits the gnoll.
The gnoll hits you with a +0 halberd!
The gnoll hits you from afar with a +0 spear.
You closely miss the gnoll.
The gnoll is moderately wounded.
Your +0 spectral club hits the gnoll.
The gnoll closely misses you.
The gnoll hits you from afar with a +0 spear.
The gnoll barely misses you. The gnoll closely misses you.
You are too injured to fight recklessly!
You are too injured to fight recklessly!
You are too injured to fight recklessly!
You hit the gnoll.
The gnoll is heavily wounded.
Your +0 spectral club barely misses the gnoll.
The gnoll closely misses you.
The gnoll hits you from afar with a +0 spear.
You closely miss the gnoll.
The gnoll is heavily wounded.
Your +0 spectral club barely misses the gnoll.
The gnoll hits you with a +0 halberd.
* * * LOW HITPOINT WARNING * * *
The gnoll hits you from afar with a +0 spear.
* * * LOW HITPOINT WARNING * * *
The gnoll attacks as you move away! The gnoll hits you with a +0 halberd!
You die...

#. . #.# #......# #.#.
#.# ####.### ##... #.#
#.# ##...# #.# ##.##
####....####.#####...##
+..........<...........
#.........##........
##.#.#######.###.##.
#(@.# #.##..##. #g###
#.##.###. #g #.##.# #.
#g #.##)###. #.
#......?. #. ####.####
.. #>###. ## #.....
#####.


You could see 3 gnolls and a friendly +0 spectral club.

Vanquished Creatures
  A jelly (D:3)
  2 adders (D:2)
  A worm (D:3)
  2 dart slugs
  4 ball pythons
  5 endoplasms
  5 giant cockroaches
  3 goblins
  3 hobgoblins
  7 jackals
  5 kobolds
  A quokka (D:3)
  8 bats
  3 frilled lizards
  3 rats
53 creatures vanquished.

Notes
Turn   | Place    | Note
-------+----------+-------------------------------------------
     0 | D:1      | Valagong the Hill Orc Artificer began the quest for the
                  | Orb.
     0 | D:1      | Reached XP level 1. HP: 16/16 MP: 1/1
   519 | D:1      | Reached skill level 2 in Fighting
   519 | D:1      | Reached XP level 2. HP: 24/24 MP: 2/2
  1195 | D:2      | Reached skill level 3 in Fighting
  1254 | D:2      | Got Sif Muna's Precepts of the Viridian Curse
  1492 | D:2      | Reached XP level 3. HP: 31/31 MP: 3/3
  1860 | D:2      | Found a faded altar of an unknown god.
  1913 | D:2      | Reached skill level 1 in Axes
  2005 | D:2      | Reached skill level 4 in Fighting
  2247 | D:2      | Reached XP level 4. HP: 40/40 MP: 4/4
  2896 | D:3      | Slain by a gnoll

Illustrated notes

Levels and vault maps discovered:
D:1:      psy_arrival_statuary, layout_loops_corners
D:2:      minmay_chambers_of_twos, layout_basic,
          hellmonk_ecumenical_altar_inner_sanctum, hangedman_decor_growths,
          minmay_pentomino_w2
D:3:      layout_loops_corners, minmay_rat_hole

Skill      XL: |  1  2  3  4 |
---------------+-------------+-----
Fighting       | 2 3 4 |  4.8
Axes           | 1 2 |  2.3
Armour         | |  2.2
Dodging        | |  0.8
Stealth        | |  0.8
Evocations     | |  3.0

Action                     |  1- 3 |  4- 6 || total
---------------------------+-------+-------++-------
  Melee: Club              |   124 |   115 ||   239
  Evoke: Wand              |     3 |       ||     3
    Use: Scroll            |     4 |     6 ||    10
   Stab: Sleeping          |     3 |     1 ||     4
         Distracted        |     1 |     1 ||     2
 Armour: Leather armour    |    54 |    58 ||   112
  Dodge: Dodged            |   108 |   128 ||   236
